 Dungeon Crawl Stone Soup version 0.21-a0-402-gcbae7d1 (webtiles) character file.

16958 Mitsuki the Protected (level 12, -2/82 HPs)
             Began as a Gargoyle Fighter on Oct 26, 2017.
             Was the Champion of Okawaru.
             Slain by a minotaur
             ... wielding the +8 Wrath of Trog {antimagic, *Rage}
              (38 damage)
             ... in a labyrinth.
             The game lasted 00:41:42 (13211 turns).

Mitsuki the Protected (Gargoyle Fighter)           Turns: 13211, Time: 00:41:43

Health: -2/82      AC: 29    Str: 31    XL:     12   Next: 43%
Magic:  5/16       EV: 13    Int: 11    God:    Okawaru [******]
Gold:   148        SH: 15    Dex:  9    Spells: 11/11 levels left

rFire    . . .     SeeInvis +   u - +10 eveningstar of Superiority {crush, rElec MR+ Str+2}
rCold    + . .     Gourm    .   c - +0 shield
rNeg     + . .     Faith    .   M - +6 scale mail "Owean" {rPois rC+ Str+2 Int+4}
rPois    ∞         Spirit   .   I - +1 hat
rElec    +         Reflect  .   q - scarf {repulsion}
rCorr    .         Harm     .   m - +1 pair of gloves
MR       +....                  (no boots)
Stlth    +.........             (no amulet)
HPRegen  0.23/turn              (no ring)
MPRegen  0.15/turn              (no ring)

@: heroism, repel missiles
A: fangs 1, rugged brown scales 1, see invisible, dopey 1, negative energy
resistance 1, electricity resistance, strong 1, unbreathing, petrification
resistance, rot immunity, sturdy frame 1, AC +8
a: Heroism, Finesse, Renounce Religion


You were in a labyrinth.
You worshipped Okawaru.
Okawaru was exalted by your worship.
You were not hungry.

You visited 1 branch of the dungeon, and saw 12 of its levels.
You visited 1 bazaar.
You also visited: Labyrinth and Sewer.

You collected 655 gold pieces.
You spent 507 gold pieces at shops.

Inventory:

Hand Weapons
 u - the +10 eveningstar of Superiority (weapon) {crush, rElec MR+ Str+2}
   (Okawaru gifted it to you on level 8 of the Dungeon)

   It inflicts extra damage upon your enemies.
   It affects your strength (+2).
   It insulates you from electricity.
   It affects your resistance to hostile enchantments.
 J - the +8 hunting sling of Bloody Death {flame, *Drain rN+ Dex+3, unknown}
   (Okawaru gifted it to you on level 10 of the Dungeon)

   It causes projectiles fired from it to burn those they strike, causing extra
   injury to most foes and up to half again as much damage against particularly
   susceptible opponents.
   It affects your dexterity (+3).
   It protects you from negative energy.
   It causes draining when unequipped.
Missiles
 v - a throwing net (quivered)
 A - 5 curare-tipped needles
Armour
 c - a +0 shield (worn)
 m - a +1 pair of gloves (worn)
 q - a scarf of repulsion (worn)
 I - a +1 hat (worn)
 M - the +6 scale mail "Owean" (worn) {rPois rC+ Str+2 Int+4}
   (You found it on level 10 of the Dungeon)

   It affects your strength (+2).
   It affects your intelligence (+4).
   It protects you from cold.
   It protects you from poison.
Wands
 p - a wand of scattershot (3/9)
Scrolls
 a - 3 scrolls of enchant armour
 k - 11 scrolls of teleportation
 l - 5 scrolls of identify
 s - 4 scrolls of fear
 w - 2 scrolls of remove curse
 y - a scroll of amnesia {unknown}
 z - 5 scrolls of enchant weapon
 E - a scroll of recharging {unknown}
 G - 3 scrolls of immolation {unknown}
 K - a scroll of blinking {unknown}
 O - a scroll of silence {unknown}
 T - a scroll of fog
Potions
 b - a potion of invisibility {unknown}
 d - 4 potions of might
 g - 7 potions of curing {unknown}
 h - 4 potions of heal wounds
 n - a potion of brilliance {unknown}
 o - 2 potions of berserk rage {unknown}
 t - 8 potions of flight
 x - a potion of haste {unknown}
 D - a potion of mutation {unknown}
 F - a potion of ambrosia {unknown}
 Q - a potion of agility {unknown}
 R - a potion of lignification {unknown}
Comestibles
 f - 5 bread rations
 j - 7 royal jellies
 H - 2 meat rations
 L - 29 fruits


   Skills:
 + Level 11.0(16.0) Fighting
 + Level 9.9(14.9) Maces & Flails
 + Level 11.1(16.1) Armour
 + Level 11.0(16.0) Shields
 - Level 6.0 Invocations


You had 11 spell levels left.
You didn't know any spells.

Dungeon Overview and Level Annotations

Branches:
Dungeon (12/15)            Temple (0/1) D:6            Lair (0/6) D:11
    Orc (0/2) D:11

Altars:
Cheibriados
Dithmenos
Fedhas
Hepliaklqana
Nemelex Xobeh
Okawaru
Qazlal
Trog
Uskayaw
Vehumet
Wu Jian
The Shining One

Shops:
D:4 =   D:8 =   D:9 }

Portals:
Trove: D:11 (give +4 ice dragon scales)

Annotations:
D:10 2 runed doors, exclusion: orange crystal statue


Innate Abilities, Weirdness & Mutations

You are resistant to torment.
Your stone body is resilient. (AC +8)
You are immune to poison.
You resist negative energy. (rN+)
You are resistant to electric shocks. (rElec)
You can survive without breathing.
You are immune to petrification.
You are immune to rotting.
You have very sharp teeth.
You are partially covered in rugged brown scales. (AC +1, +3% HP)
You have supernaturally acute eyesight. (SInv)
You are dopey. (Int -2)
Your muscles are strong. (Str +2)
Your movements are slightly less encumbered by armour. (ER -2)


Message History

The minotaur is moderately wounded.
The minotaur completely misses you. The minotaur misses you.
You hit the minotaur but do no damage. Your bite misses the minotaur.
The minotaur is moderately wounded.
You block the minotaur's attack. The minotaur gores you!!
You take 19 damage, and have 35/82 hp.
MASSIVE DAMAGE!!
You completely miss the minotaur.
The minotaur furiously retaliates!
The minotaur headbutts you, but does no damage.
The minotaur is moderately wounded.
You block the minotaur's attack. x2
You impale the minotaur!!
You bite the minotaur, but do no damage.
The minotaur is severely wounded.
You block the minotaur's attack. x2
You barely miss the minotaur.
The minotaur furiously retaliates!
The minotaur headbutts you, but does no damage.
Your bite misses the minotaur.
The minotaur is severely wounded.
The minotaur hits you with the +8 Wrath of Trog {antimagic, *Rage}!!!
You die...

. # #. # ## #
... # .# # #
#.### ..
..#..... ..#
## # .###.
####.### .
.........#
#######..#.#
#≈ #.#@...#
#≈≈.#.#H.####
# <...'..# .
#≈≈ .#.##. #≈
#.#.. .#
#######..# #
# ......# #.#
####.##..##
#. ..
...#.#...


You could see a minotaur (berserk).

Vanquished Creatures
  Gastronok (D:8)
  3 death yaks
  3 two-headed ogres (D:10)
  2 ugly things
  A cyclops (D:11)
  Psyche (D:9)
  A komodo dragon (D:11)
  3 kobold demonologists (D:11)
  A hornet (D:11)
  2 hippogriffs
  A shadow (D:10)
  2 wyverns
  Eustachio (D:6)
  A hungry ghost (D:7)
  5 yaks
  3 wargs (D:10)
  The ghost of marsu the Cudgeler, an amateur GrFi (Sewer)
  Menkaure (D:5)
  Edmund (D:6)
  2 water moccasins
  A black bear (D:10)
  2 ice beasts
  4 sky beasts
  4 orc warriors
  2 phantoms
  10 centaurs
  8 ogres
  A crocodile (D:11)
  Blork the orc (D:5)
  5 big kobolds
  2 bullfrogs
  A water moccasin zombie (D:9)
  A wyvern skeleton (D:10)
  5 scorpions
  6 killer bees
  2 troll skeletons (Lab)
  A jelly (D:6)
  12 wights
  A spriggan skeleton (Lab)
  5 howler monkeys
  2 quasits
  7 crimson imps
  4 hounds
  A bullfrog skeleton (D:7)
  2 bullfrog zombies
  3 orc priests
  Crazy Yiuf (D:5)
  3 iguanas
  13 orc wizards
  8 worker ants
  A killer bee zombie (D:8)
  An ogre skeleton (Lab)
  3 hound skeletons
  A worker ant zombie (D:6)
  13 adders
  6 gnolls
  A howler monkey skeleton (D:8)
  A river rat (Sewer)
  3 shadow imps
  4 oozes
  An adder zombie (D:8)
  3 worms
  A dart slug (D:3)
  2 leopard geckos
  24 orcs
  4 bats
  4 giant cockroaches
  6 goblins
  5 hobgoblins
  10 jackals
  3 quokkas
  3 ball pythons
  3 frilled lizards
  20 kobolds
  2 leopard gecko skeletons
  A quokka skeleton (D:8)
  A quokka zombie (D:8)
  5 rats
  4 plants (Lab)
290 creatures vanquished.

Vanquished Creatures (others)
  An orc wizard (D:3)
  4 orcs (D:3)
5 creatures vanquished.

Grand Total: 295 creatures vanquished

Notes
Turn   | Place    | Note
-------+----------+-------------------------------------------
     0 | D:1      | Mitsuki the Gargoyle Fighter began the quest for the Orb.
     0 | D:1      | Reached XP level 1. HP: 14/14 MP: 1/1
   254 | D:1      | Found an iron altar of Okawaru.
   260 | D:1      | Reached XP level 2. HP: 17/19 MP: 2/2
   306 | D:1      | Became a worshipper of Warmaster Okawaru
  1138 | D:2      | Noticed a centaur
  1152 | D:2      | Killed a centaur
  1152 | D:2      | Reached skill level 1 in Invocations
  1152 | D:2      | Reached XP level 3. HP: 6/24 MP: 2/4
  1152 | D:2      | Reached XP level 4. HP: 8/29 MP: 2/5
  1599 | D:2      | Reached XP level 5. HP: 33/33 MP: 6/6
  2781 | D:3      | Found an ornate altar of the Wu Jian Council.
  3055 | D:3      | Found a radiant altar of Vehumet.
  3148 | D:4      | Reached XP level 6. HP: 39/39 MP: 7/7
  3374 | D:4      | Found Lybo's Jewellery Shop.
  3705 | D:4      | Reached * piety under Okawaru
  3921 | D:5      | Entered Level 5 of the Dungeon
  4025 | D:5      | Noticed Menkaure
  4033 | D:5      | Killed Menkaure
  4033 | D:5      | Reached XP level 7. HP: 29/44 MP: 9/9
  4144 | D:5      | Found a glowing drain.
  4149 | Sewer    | Entered a sewer
  4176 | Sewer    | Reached skill level 5 in Armour
  4462 | Sewer    | Reached skill level 5 in Shields
  4489 | Sewer    | Reached skill level 5 in Fighting
  4503 | Sewer    | Noticed marsu's ghost (amateur GrFi)
  4543 | Sewer    | Killed marsu's ghost
  4543 | Sewer    | Reached ** piety under Okawaru
  4843 | D:5      | Noticed Blork the orc
  4856 | D:5      | Killed Blork the orc
  4963 | D:5      | Found a runed door.
  5026 | D:5      | Found a glowing golden altar of the Shining One.
  5034 | D:5      | Identified the Disquisition on Supportive Lightness
  5091 | D:5      | Reached XP level 8. HP: 49/49 MP: 10/10
  5464 | D:5      | Noticed Crazy Yiuf
  5469 | D:5      | Killed Crazy Yiuf
  5520 | D:6      | Found a blossoming altar of Fedhas.
  5523 | D:6      | Found a stormy altar of Qazlal.
  5751 | D:6      | Found a staircase to the Ecumenical Temple.
  5797 | D:6      | Noticed Edmund
  5810 | D:6      | Killed Edmund
  5871 | D:6      | You fall through a shaft for 3 floors!
  5909 | D:9      | Reached *** piety under Okawaru
  5941 | D:9      | Reached skill level 5 in Maces & Flails
  5997 | D:9      | Reached skill level 5 in Invocations
  6250 | D:9      | Noticed Psyche
  6298 | D:9      | Found Uckir's Gadget Boutique.
  6348 | D:9      | Noticed a wyvern
  6353 | D:9      | Killed a wyvern
  6353 | D:9      | Reached XP level 9. HP: 38/56 MP: 12/12
  6872 | D:8      | Reached **** piety under Okawaru
  7505 | D:6      | Found a hide-covered altar of Uskayaw.
  8375 | D:6      | Noticed Eustachio
  8390 | D:6      | Killed Eustachio
  8390 | D:6      | Reached XP level 10. HP: 57/63 MP: 12/14
  8550 | D:7      | Reached ***** piety under Okawaru
  8597 | D:7      | Found a shadowy altar of Dithmenos.
  8619 | D:7      | Found a sparkling altar of Nemelex Xobeh.
  9205 | D:7      | Found a snail-covered altar of Cheibriados.
  9376 | D:8      | Noticed Gastronok
  9415 | D:8      | Killed Gastronok
  9577 | D:8      | Found a bloodstained altar of Trog.
  9634 | D:8      | Received a gift from Okawaru
  9635 | D:8      | Got a dazzling eveningstar {god gift}
  9638 | D:8      | Identified the +10 eveningstar of Superiority {crush, rElec MR+ Str+2} (Okawaru gifted it to you on level 8 of the Dungeon)
  9987 | D:8      | Found a hazy altar of Hepliaklqana.
 10051 | D:8      | Found Odeuc's Jewellery Boutique.
 10201 | D:9      | Killed Psyche
 10201 | D:9      | Reached XP level 11. HP: 71/71 MP: 15/15
 10491 | D:10     | Entered Level 10 of the Dungeon
 10491 | D:10     | Noticed a two-headed ogre
 10493 | D:10     | Killed a two-headed ogre
 10520 | D:10     | Noticed a red ugly thing
 10541 | D:10     | Killed a red ugly thing
 10548 | D:10     | Gained mutation: You are dopey. (Int -2) [mutagenic meat]
 10549 | D:10     | Gained mutation: Your muscles are strong. (Str +2) [mutagenic meat]
 10550 | D:10     | Gained mutation: You have supernaturally acute eyesight. (SInv) [mutagenic meat]
 10812 | D:10     | Noticed a two-headed ogre
 10816 | D:10     | Killed a two-headed ogre
 10890 | D:10     | Found a runed door.
 10920 | D:10     | Noticed a two-headed ogre
 10929 | D:10     | Killed a two-headed ogre
 10929 | D:10     | Reached ****** piety under Okawaru
 11244 | D:10     | Got a heavily runed scale mail
 11255 | D:10     | Identified the +6 scale mail "Owean" {rPois rC+ Str+2 Int+4} (You found it on level 10 of the Dungeon)
 11280 | D:10     | Found the +10 large shield of Ignorance {rN+ Int-4}
 11306 | D:10     | Found a runed door.
 11306 | D:10     | Noticed an orange crystal statue
 11313 | D:10     | Reached skill level 10 in Armour
 11377 | D:11     | Found a portal to a secret trove of treasure.
 11377 | D:11     | Found a staircase to the Orcish Mines.
 11377 | D:11     | Found a hide-covered altar of Uskayaw.
 11389 | D:10     | Received a gift from Okawaru
 11389 | D:10     | Reached skill level 10 in Fighting
 11392 | D:10     | Got a crystal hunting sling {god gift}
 11420 | D:11     | Reached skill level 10 in Shields
 11659 | D:11     | Noticed a cyclops
 11668 | D:11     | Killed a cyclops
 11685 | D:11     | Found a flickering gateway to a bazaar.
 11701 | Bazaar   | Entered a bazaar
 11701 | Bazaar   | Found Pulixac's Assorted Antiques.
 11701 | Bazaar   | Found Haur's Magic Scroll Emporium.
 11706 | Bazaar   | Found Jianwiso's Magic Scroll Emporium.
 11717 | Bazaar   | Found Rarr's Distillery.
 11729 | Bazaar   | Bought a scroll labeled SOM UQUKLE for 14 gold pieces
 11729 | Bazaar   | Bought a scroll of enchant armour for 105 gold pieces
 11729 | Bazaar   | Bought a scroll of enchant weapon for 105 gold pieces
 11729 | Bazaar   | Bought a scroll of magic mapping for 49 gold pieces
 11729 | Bazaar   | Bought a smoky coppery potion for 12 gold pieces
 11729 | Bazaar   | Bought a bubbling inky potion for 12 gold pieces
 11735 | Bazaar   | Bought a scroll of enchant armour for 105 gold pieces
 11735 | Bazaar   | Bought a scroll of enchant weapon for 105 gold pieces
 11868 | D:11     | Noticed a death yak
 11869 | D:11     | Noticed a death yak
 11941 | D:11     | Noticed a death yak
 11970 | D:11     | Killed a death yak
 11970 | D:11     | Reached XP level 12. HP: 58/78 MP: 16/16
 12064 | D:10     | Killed a death yak
 12189 | D:11     | Killed a death yak
 12320 | D:11     | Received a gift from Okawaru
 12323 | D:11     | Found a staircase to the Lair.
 12326 | D:11     | Gained mutation: Your movements are slightly less encumbered by armour. (ER -2) [mutagenic meat]
 12327 | D:11     | Gained mutation: You are partially covered in rugged brown scales. (AC +1, +3% HP) [mutagenic meat]
 12328 | D:11     | Gained mutation: You have very sharp teeth. [mutagenic meat]
 12804 | D:12     | Found a sparkling altar of Nemelex Xobeh.
 12835 | D:12     | Found a labyrinth entrance.
 12874 | Lab      | Entered a labyrinth
 13193 | Lab      | Noticed a minotaur
 13211 | Lab      | Slain by a minotaur

Vault maps used:
D:1:      sevenhm_arrival_forest_fort_large_4, okawaru_ov_weapons_minmay
D:2:      first_bread
D:3:      lemuel_coloured_pillars_altar, fiery_altar_vehumet
D:4:      serial_shops, shop
D:5:      lemuel_doored_altar, portal_sewer_entry_e, uniq_crazy_yiuf_cottage,
          uniq_blork_the_orc, uniq_menkaure
D:6:      grunt_temple_overflow_forces_of_nature, lemuel_round_altar,
          minmay_temple_entry_nine_rooms, fountainhead, uniq_eustachio,
          uniq_edmund
D:7:      marbit_many_paths, nemelex_xobeh_ov_fountains_minmay,
          grunt_dithmenos_smoke
D:8:      bloody_trog, kennysheep_mini, serial_shops, shop, uniq_gastronok
D:9:      serial_shops, shop_fountains, blue_anna_alchemist, uniq_psyche
D:10:     chequers_guarded_unrand_ignorance
D:11:     lemuel_upstairs_altar, dpeg_lair_monsters,
          minmay_orc_entry_guard_dogs, basic_altar, enter_trove_2, serial_shops,
          bzr_entry_islet
D:12:     lab_entry_generic, basic_altar
Lab:      labyrinth_watery, nicolae_lab_garden, nicolae_lab_very_dead_end
Bazaar:   bazaar_minmay_row
Sewer:    sewer_co_15_rooms

Skill      XL: |  1  2  3  4  5  6  7  8  9 10 11 12 |
---------------+-------------------------------------+-----
Invocations    | 1 2 3 5 6 |  6.0
Fighting       | 4 5 6 7 9 10 11 | 11.0
Armour         | 4 5 6 7 9 10 11 | 11.1
Shields        | 4 5 6 7 9 10 11 | 11.0
Maces & Flails | 3 4 5 6 7 9 |  9.9

Action                   |  1- 3 |  4- 6 |  7- 9 | 10-12 || total
-------------------------+-------+-------+-------+-------++-------
Melee: Flail             |    56 |   241 |   425 |   120 ||   842
       Eveningstar       |       |       |       |   298 ||   298
       Bite              |       |       |       |     8 ||     8
Invok: Heroism           |       |       |     4 |     1 ||     5
  Use: Scroll            |     2 |     3 |     6 |     4 ||    15
       Potion            |       |       |       |     1 ||     1
  Eat: Chunk             |       |    10 |     7 |    19 ||    36
       Royal jelly       |       |       |     1 |     2 ||     3
       Meat ration       |       |       |     1 |     1 ||     2
       Fruit             |       |       |       |     2 ||     2
Armor: Scale mail        |    29 |   111 |   180 |   184 ||   504
       Plate armour      |       |    31 |       |    34 ||    65
Dodge: Dodged            |    18 |    83 |   130 |   132 ||   363
       Deflected         |       |       |     3 |     7 ||    10
Block: Shield            |    36 |   136 |   206 |   228 ||   606

Table legend:
 A = Spawn XP
 B = Non-spawn XP
 C = Spawn XP percentage of total XP
 D = Spawn monster count
 E = Non-spawn monster count
 F = Spawn count percentage of total count
 G = Total turns spent on level
                    A         B        C        D         E        F      G
               +---------+---------+-------+---------+---------+-------+---------
         Total |       0 |   24226 |   0.0 |       0 |     286 |   0.0 | 13211
               +---------+---------+-------+---------+---------+-------+---------
           D:1 |       0 |      21 |   0.0 |       0 |      12 |   0.0 |  1313
           D:2 |       0 |     253 |   0.0 |       0 |      24 |   0.0 |  1275
           D:3 |       0 |      41 |   0.0 |       0 |      10 |   0.0 |   548
           D:4 |       0 |     154 |   0.0 |       0 |       5 |   0.0 |   840
           D:5 |       0 |     554 |   0.0 |       0 |      14 |   0.0 |  1022
           D:6 |       0 |    1049 |   0.0 |       0 |      18 |   0.0 |  1422
           D:7 |       0 |    1476 |   0.0 |       0 |      25 |   0.0 |   880
           D:8 |       0 |    3837 |   0.0 |       0 |      38 |   0.0 |  1428
           D:9 |       0 |    2080 |   0.0 |       0 |      36 |   0.0 |  1244
          D:10 |       0 |    6699 |   0.0 |       0 |      26 |   0.0 |  1134
          D:11 |       0 |    7440 |   0.0 |       0 |      49 |   0.0 |  1130
          D:12 |       0 |     109 |   0.0 |       0 |       6 |   0.0 |    72
           Lab |       0 |     191 |   0.0 |       0 |       4 |   0.0 |   337
         Sewer |       0 |     322 |   0.0 |       0 |      19 |   0.0 |   519
               +---------+---------+-------+---------+---------+-------+---------
